 Dungeon Crawl Stone Soup version bcrawl-1.19.2-6-g6a88ae04c9 (webtiles) character file.

Game seed: 17005984445946608679

2393 Mrkan the Cleaver (level 9, -11/79 HPs)
             Began as a Minotaur Fighter on Dec 29, 2019.
             Was a Follower of Ashenzari.
             Mangled by an orc warrior
             ... wielding a +0 short sword
              (15 damage)
             ... on level 6 of the Dungeon.
             The game lasted 00:07:24 (5508 turns).

Mrkan the Cleaver (Minotaur Fighter)                Turns: 5508, Time: 00:07:24

Health: -11/79     AC: 15    Str: 21    XL:     9   Next: 22%
Magic:  8/8        EV: 10    Int:  5    God:    Ashenzari [*.....]
Gold:   298        SH:  0    Dex: 18    Spells: 8/8 levels left

rFire    . . .     SeeInvis .   a - +0 war axe
rCold    . . .     Gourm    .   c - +0 shield (curse)
rNeg     . . .     Faith    .   s - +0 plate armour (curse)
rPois    +         Spirit   .   (helmet restricted)
rElec    .         Reflect  .   w - +1 cloak {rPois} (curse)
rCorr    .         Harm     .   (no gloves)
MR       .....                  (no boots)
Stlth    ..........             (no amulet)
HPRegen  0.23/turn              (no ring)
MPRegen  0.11/turn              (no ring)

@: confused, agile, lethally poisoned (-11 -> -14), studying Slings
A: retaliatory headbutt, horns 2
a: Curse Item, Scrying, Renounce Religion


You were on level 6 of the Dungeon.
You worshipped Ashenzari.
Ashenzari was aware of your devotion.
You were not hungry.

You visited 1 branch of the dungeon, and saw 6 of its levels.

You collected 298 gold pieces.

Inventory:

Hand Weapons
 a - a +0 war axe (weapon)
Armour
 c - a cursed +0 shield (worn)
 s - a cursed +0 plate armour (worn)
 w - a cursed +1 cloak of poison resistance (worn)
Jewellery
 m - an uncursed ring of see invisible
 p - an uncursed amulet of the gourmand
 D - an uncursed amulet of rage
Wands
 y - a wand of polymorph (4)
Scrolls
 b - 3 scrolls of blinking {unknown}
 e - 3 scrolls of magic mapping {unknown}
 g - 15 scrolls of identify {unknown}
 h - a scroll of noise {unknown}
 j - 2 scrolls of remove curse {unknown}
 l - a scroll of fear {unknown}
 o - 2 scrolls of enchant weapon {unknown}
 z - a scroll of teleportation {unknown}
 C - a scroll of enchant armour {unknown}
Potions
 d - 2 potions of might
 i - a potion of agility
 k - a potion of ambrosia
 n - 6 potions of curing {unknown}
 q - 3 potions of degeneration {unknown}
 r - 2 potions of mutation {unknown}
 t - a potion of heal wounds {unknown}
 u - a potion of magic {unknown}
 v - 2 potions of resistance {unknown}
 B - a potion of brilliance {unknown}
Books
 x - a manual of Slings
Comestibles
 f - 12 rations {!d}
 A - a chunk of flesh


   Skills:
 + Level 7.5 Fighting
 * Level 9.7 Axes
 + Level 7.6 Armour
 + Level 7.5 Shields


You had 8 spell levels left.
You didn't know any spells.
Your spell library was empty.

Dungeon Overview and Level Annotations

Branches:
Dungeon (6/12)
 Temple: D:4-7

Altars:
Ashenzari
Cheibriados
Fedhas
Hepliaklqana
Kikubaaqudgha
Okawaru
Zin
The Shining One


Innate Abilities, Weirdness & Mutations

You reflexively headbutt those who attack you in melee.
You have a pair of horns on your head.


Message History

You feel agile all of a sudden.
* * * LOW HITPOINT WARNING * * *
You feel sick. The orc warrior barely misses you.
It was a potion of ambrosia.
You are confused.
You feel invigorated. The orc warrior barely misses you.
The orc warrior hits you but does no damage.
You bump into the stone wall.
You feel sick. The orc warrior closely misses you.
The orc warrior barely misses you.
You closely miss the orc warrior.
The orc warrior is almost dead.
You feel sick.
The orc warrior hits you with a +0 short sword.
* * * LOW HITPOINT WARNING * * *
The orc warrior hits you from afar with a +0 halberd!
* * * LOW HITPOINT WARNING * * *
Unknown command.
You bump into the stone wall.
The orc warrior hits you with a +0 short sword!
You die...

##### # ##<..## .#
#.....###.#
###.........#
#...)o.o.:#
#####.#))).##o##########
.........o.##ooo@.......
#####.#.#..#############
#####......#
...........#
........##.#
.#########.# .# #.# .#
.#


You could see 2 orc warriors and 2 orcs.

Vanquished Creatures
  Sigmund (D:2)
  A hungry ghost (D:4)
  Duvessa (D:5)
  A black bear (D:6)
  3 phantoms
  4 ogres
  A big kobold (D:6)
  3 bullfrogs
  Dowan (D:5)
  A water moccasin skeleton (D:4)
  3 hounds
  Crazy Yiuf (D:4)
  2 orc priests
  A jelly (D:5)
  2 bullfrog skeletons
  5 orc wizards
  Ijyb (D:5)
  6 worker ants
  8 gnolls
  14 adders
  2 shadow imps
  3 oozes
  An adder skeleton (D:6)
  6 worms
  A dart slug (D:2)
  7 leopard geckos
  18 orcs
  2 ball pythons
  6 giant cockroaches
  7 goblins
  10 hobgoblins
  12 kobolds
  3 quokkas
  6 bats
  6 frilled lizards
  A leopard gecko skeleton (D:4)
  15 rats
  A rat zombie (D:4)
167 creatures vanquished.

Notes
Turn   | Place    | Note
-------+----------+-------------------------------------------
     0 | D:1      | Mrkan the Minotaur Fighter began the quest for the Orb.
     0 | D:1      | Reached XP level 1. HP: 19/19 MP: 0/0
   150 | D:1      | Reached XP level 2. HP: 24/27 MP: 1/1
   221 | D:1      | Reached skill level 3 in Axes
   405 | D:1      | Reached XP level 3. HP: 33/33 MP: 2/2
   862 | D:2      | Reached skill level 4 in Axes
   862 | D:2      | Reached XP level 4. HP: 16/40 MP: 3/3
  1500 | D:2      | Found a shattered altar of Ashenzari.
  1502 | D:2      | Found a glowing silver altar of Zin.
  1502 | D:2      | Found a snail-covered altar of Cheibriados.
  1513 | D:2      | Became a worshipper of Ashenzari the Shackled
  1560 | D:2      | Reached XP level 5. HP: 47/47 MP: 4/4
  1664 | D:2      | Found a glowing golden altar of the Shining One.
  1799 | D:2      | Noticed Sigmund
  1813 | D:2      | Killed Sigmund
  1813 | D:2      | Reached skill level 5 in Axes
  1813 | D:2      | Reached XP level 6. HP: 30/55 MP: 5/5
  2246 | D:3      | Reached skill level 5 in Armour
  2246 | D:3      | Reached skill level 5 in Shields
  2254 | D:3      | Reached skill level 5 in Fighting
  2318 | D:3      | Found an iron altar of Okawaru.
  2517 | D:3      | Reached skill level 6 in Axes
  2527 | D:3      | Reached XP level 7. HP: 50/61 MP: 6/6
  2673 | D:3      | HP: 3/61 [ogre/+0 giant club (16)]
  3566 | D:4      | Reached skill level 7 in Axes
  3732 | D:4      | Reached XP level 8. HP: 69/70 MP: 7/7
  3916 | D:4      | Found a runed door.
  4030 | D:4      | Reached * piety under Ashenzari
  4172 | D:4      | Found an ancient bone altar of Kikubaaqudgha.
  4376 | D:4      | Noticed Crazy Yiuf
  4380 | D:4      | Killed Crazy Yiuf
  4449 | D:5      | Entered Level 5 of the Dungeon
  4449 | D:5      | Noticed Ijyb
  4460 | D:4      | Reached skill level 8 in Axes
  4508 | D:5      | Killed Ijyb
  4768 | D:5      | Noticed Dowan
  4768 | D:5      | Noticed Duvessa
  4801 | D:5      | Killed Duvessa
  4801 | D:5      | Reached skill level 9 in Axes
  4807 | D:5      | Killed Dowan
  4959 | D:5      | Found a hazy altar of Hepliaklqana.
  5012 | D:6      | Reached XP level 9. HP: 54/79 MP: 8/8
  5164 | D:6      | Found a blossoming altar of Fedhas.
  5502 | D:6      | HP: 3/79 [poisoned by an orc wizard]
  5507 | D:6      | HP: 1/79 [orc warrior/+0 halberd (10)]
  5508 | D:6      | Mangled by an orc warrior

Skill      XL: |  1  2  3  4  5  6  7  8 |
---------------+-------------------------+-----
Axes           | 3 4 5 6 7 9 |  9.7
Armour         | 4 5 6 7 |  7.6
Shields        | 4 5 6 7 |  7.5
Fighting       | 4 5 6 7 |  7.5

Action                   |  1- 3 |  4- 6 |  7- 9 || total
-------------------------+-------+-------+-------++-------
Melee: War axe           |   102 |   113 |   274 ||   489
       Headbutt          |    13 |    20 |    47 ||    80
       Unarmed           |       |       |     4 ||     4
Invok: Curse Item        |       |     2 |     1 ||     3
  Use: Potion            |       |       |     2 ||     2
  Eat: Chunk             |       |     5 |    11 ||    16
       Ration            |       |       |     1 ||     1
Armor: Scale mail        |    58 |    25 |       ||    83
       Plate armour      |       |    38 |   150 ||   188
       Skin              |       |       |    16 ||    16
Dodge: Dodged            |    33 |    30 |    50 ||   113
Block: Shield            |    52 |    71 |   163 ||   286
